 Dungeon Crawl Stone Soup version 0.28.0-53-g5a82cb258f (webtiles) character file.

Game seed: 7304038682060783273

28123 Peloso the Fencer (level 13, 0/122 HPs)
             Began as a Minotaur Fighter on June 15, 2022.
             Was a High Priest of Okawaru.
             Slain by Snorg (3 damage)
             ... on level 13 of the Dungeon.
             The game lasted 00:34:48 (13123 turns).

Peloso the Fencer (Minotaur Fighter)               Turns: 13123, Time: 00:34:48

Health: 0/122      AC: 27    Str: 23    XL:     13   Next: 8%
Magic:  13/13      EV:  9    Int:  8    God:    Okawaru [*****.]
Gold:   1030       SH:  6    Dex: 13    Spells: 12/12 levels left

rFire   . . .      SeeInvis +   a - +2 long sword (holy)
rCold   + . .      Faith    .   c - +0 buckler
rNeg    + . .      Spirit   .   J - +2 shadow dragon scales
rPois   .          Reflect  .   (helmet restricted)
rElec   .          Harm     .   o - +0 cloak {Will+}
rCorr   +          Rampage  .   w - +2 pair of gloves
Will    +....      NoCast   +   G - +2 pair of boots of Bitterness {-Cast Slay+4 SInv Stlth+}
Stlth   +++.......              e - amulet of regeneration
HPRegen 1.10/turn               N - ring of Zinweero {rC+ rN+ rCorr Int+3}
MPRegen 0.13/turn               (no ring)

@: lethally poisoned (0 -> -1), silenced, slowed, very slow
A: horns 2, retaliatory headbutt
a: Renounce Religion


You were on level 13 of the Dungeon.
You worshipped Okawaru.
Okawaru was extremely pleased with you.
You visited 4 branches of the dungeon, and saw 17 of its levels.
You also visited: Gauntlet.

You collected 1069 gold pieces.
You spent 39 gold pieces at shops.

Inventory:

Hand Weapons
 a - a +2 long sword of holy wrath (weapon)
 b - a +0 war axe of flaming
Armour
 c - a +0 buckler (worn)
 j - a +0 plate armour
 o - a +0 cloak of willpower (worn)
 w - a +2 pair of gloves (worn)
 G - the +2 pair of boots of Bitterness (worn) {-Cast Slay+4 SInv Stlth+}
   (You found it in a Gauntlet)

   Slay:      It affects your accuracy & damage with ranged weapons and melee
   (+4).
   SInv:      It lets you see invisible.
   -Cast:     It prevents spellcasting.
   Stlth:     It makes you more stealthy.
 J - +2 shadow dragon scales (worn)
 M - the +3 hat of Pondering {ponderous, Will+ MP+10 Int+5}
   (You took it off Gastronok on level 11 of the Dungeon)

   Int:       It affects your intelligence (+5).
   MP:        It affects your magic capacity (+10).
   Will:      It increases your willpower.
Jewellery
 e - an amulet of regeneration (around neck)
 r - an amulet of faith
 N - the ring of Zinweero (left hand) {rC+ rN+ rCorr Int+3}
   (You found it on level 4 of the Dungeon)

   [ring of resist corrosion]

   Int:       It affects your intelligence (+3).
   rC:        It protects you from cold.
   rN:        It protects you from negative energy.
   rCorr:     It protects you from acid and corrosion.
 T - an amulet of guardian spirit
 V - a ring of see invisible
Wands
 y - a wand of flame (15)
 A - a wand of polymorph (9)
 B - a wand of paralysis (9)
 L - a wand of iceblast (9)
 R - a wand of digging (4)
Scrolls
 g - 9 scrolls of amnesia
 i - 2 scrolls of teleportation
 p - a scroll of silence
 s - 2 scrolls of immolation
 t - 2 scrolls of enchant armour
 u - a scroll of magic mapping
 x - 3 scrolls of fear {unknown}
 z - 2 scrolls of blinking {unknown}
 D - 2 scrolls of noise
 E - 3 scrolls of summoning {unknown}
 I - a scroll of acquirement {unknown}
 P - 2 scrolls of holy word {unknown}
 S - a scroll of enchant weapon {unknown}
 U - a scroll of identify
Potions
 d - 4 potions of might
 f - a potion of haste
 h - a potion of experience
 k - 2 potions of heal wounds
 l - 6 potions of curing
 m - 3 potions of brilliance
 n - a potion of berserk rage
 q - 3 potions of ambrosia
 v - 4 potions of magic
 C - 4 potions of mutation
 F - 3 potions of degeneration {unknown}
 H - a potion of resistance {unknown}
 Q - a potion of attraction {unknown}
Miscellaneous
 K - a condenser vane
 O - a tin of tremorstones (2/2)


   Skills:
 + Level 13.3 Fighting
 + Level 15.4 Long Blades
 + Level 4.5 Axes
 + Level 14.5 Armour
 + Level 2.3 Dodging
 + Level 1.4 Stealth
 + Level 9.1 Shields
 + Level 2.0 Invocations


You had 12 spell levels left.
You didn't know any spells.
Your spell library contained the following spells:

 Spells                   Type           Power      Damage    Failure   Level
 Beastly Appendage        Tmut           0%         N/A       94%         1
 Slow                     Hex            0%         N/A       94%         1
 Corpse Rot               Necr/Air       0%         N/A       98%         2
 Poisonous Vapours        Pois/Air       0%         N/A       98%         2
 Sublimation of Blood     Necr           0%         N/A       98%         2
 Wereblood                Tmut           0%         N/A       98%         2
 Conjure Flame            Conj/Fire      0%         6-21      100%        3
 Gell's Gravitas          Tloc           0%         N/A       100%        3
 Ignite Poison            Fire/Tmut/Pois 0%         N/A       100%        3
 Portal Projectile        Hex/Tloc       0%         N/A       100%        3
 Spider Form              Tmut/Pois      0%         N/A       100%        3
 Leda's Liquefaction      Hex/Erth       0%         N/A       100%        4
 Petrify                  Tmut/Erth      0%         N/A       100%        4
 Sticky Flame             Conj/Fire      0%         2d3       100%        4
 Blade Hands              Tmut           0%         N/A       100%        5
 Irradiate                Conj/Tmut      0%         3d13      100%        5
 Lee's Rapid Deconstruct  Erth           0%         3d5*      100%        5
 Iron Shot                Conj/Erth      0%         9d1       100%        6
 Statue Form              Tmut/Erth      0%         N/A       100%        6
 Enfeeble                 Hex            0%         N/A       100%        7
 Animate Armour           Summ/Erth      Unusable   N/A       N/A         4

Dungeon Overview and Level Annotations

Branches:
Dungeon (13/15)            Temple (1/1) D:7            Lair (2/6) D:10
    Orc (1/2) D:9          Vaults (0/5) D:13        Gauntlet (visited)
  Swamp: Lair:2-4    Shoals: Lair:2-4     Snake: Lair:2-4    Spider: Lair:2-4

Altars:
Ashenzari
Cheibriados
Dithmenos
Elyvilon
Fedhas
Gozag
Hepliaklqana
Kikubaaqudgha
Makhleb
Nemelex Xobeh
Okawaru
Qazlal
Ru
Sif Muna
Trog
Uskayaw
Vehumet
Wu Jian
Xom
Yredelemnul
Zin
The Shining One

Shops:
D:5 *   D:8 ?

Annotations:
D:9 Dig
D:13 Snorg, Sonja


Innate Abilities, Weirdness & Mutations

You have a pair of horns on your head.
You reflexively headbutt those who attack you in melee.


Message History

You furiously retaliate!
You headbutt the phantasmal warrior, but do no damage.
You block the phantasmal warrior's attack.
You hear a shout!
Sonja throws a curare-tipped dart.
The curare-tipped dart hits you.
You are poisoned.
You have difficulty breathing.
You feel yourself slow down.
Sonja gestures wildly while chanting.
Sonja blinks!
The vault guard shouts!
You hear a shout!
You feel very sick.
You hear a shout! x3
You feel very sick. Snorg bites you but does no damage.
Snorg claws you but does no damage. x2
You block the phantasmal warrior's attack.
You feel sick.
The death knight shouts!
The phantasmal warrior gestures at you.
The phantasmal warrior blinks!
Snorg bites you!! Snorg claws you! x2
The death knight offers itself to Yredelemnul, and fills with unholy energy.
The skeletal warrior hits you with a +0 battleaxe.
The boulder beetle bites you!
* * * LOW HITPOINT WARNING * * *
You feel sick.
The vault guard shouts!
You hear a shout!
You block the skeletal warrior's attack.
Snorg bites you.
* * * LOW HITPOINT WARNING * * *
Snorg claws you but does no damage. x2; The boulder beetle leaps!
You block the phantasmal warrior's attack.
The skeletal warrior barely misses you.
The vault guard hits you from afar with a +0 bardiche!!
* * * LOW HITPOINT WARNING * * *
Snorg bites you but does no damage. Snorg claws you but does no damage. x2
As you read the scroll of silence, it crumbles to dust.
A profound silence engulfs you.
You feel sick.
Snorg is no longer berserk.
Snorg bites you.
* * * LOW HITPOINT WARNING * * *
Snorg claws you.
You die...

*,,*,,,........#....###..##......
*,,,,,,.............#....#*......
,,,,,,,....#..........####,......
,,,,,,,....###...###.....#.......
,,,,,,,...,,*##.####...........##
,,,,,,,....###....#...#......B..,
,,,,,,,,..........K...#..####*,,,
,,,,,,,,.........T°.#......,*,,,,
,,,,,,,*........@zpWW....#.#**,,,
,,,,,,,*###.....Wpp.....##.##*,,,
,,,,*,,,,*##.....pp......#..#.,,,
,,,**,,,,**#..........B.......,,*
*,,,,,**,,.....[....p....##...,**
,,,*,,,,,......##.#.........#,**
,,,*,,,,,.........p.........#,**
,,,,,,,,,.?.................#,,*
,,,,**,,,,.#......####T####...,*


You could see Snorg (unsilenced, slow), a death knight (reflects damage), a
boulder beetle, 6 vault guards, a skeletal warrior, a phantasmal warrior
(unsilenced), a freezing wraith, a wraith and Sonja.

Vanquished Creatures
  Gastronok (D:11)
  A minotaur (Gauntlet)
  4 hydras
  2 two-headed ogres
  Urug (D:11)
  A sixfirhy (Gauntlet)
  A wizard (Gauntlet)
  A deep elf pyromancer (D:12)
  2 ugly things (D:12)
  Pikel (D:6)
  An orc sorcerer (Orc:1)
  A cyclops (D:11)
  3 centaur zombies
  A black mamba (Lair:2)
  An apocalypse crab (Gauntlet)
  The ghost of spica the Chopper, a novice MiBe of Trog (D:4)
  A gargoyle (D:7)
  Psyche (D:11)
  5 cane toads
  A rime drake (Lair:2)
  5 komodo dragons
  A polar bear (Lair:1)
  2 trolls (D:12)
  5 slime creatures (D:12)
  A meliai zombie (D:11)
  2 blink frogs (Lair:2)
  A wraith (D:13)
  7 spriggans (Lair:2)
  20 yaks
  A basilisk (Lair:1)
  A vampire (D:12)
  4 fire bats (Lair:1)
  A steam dragon (D:9)
  6 vampire mosquitoes (D:12)
  3 water moccasins
  3 wargs (D:10)
  A hornet zombie (D:7)
  9 orc warriors
  A sky beast (D:6)
  3 ice beasts (D:7)
  2 black bears
  2 necrophages
  3 ogres
  4 centaurs
  2 phantoms
  A kobold brigand (D:11)
  Blork the orc (D:6)
  9 bullfrogs
  2 scorpions
  A wyvern skeleton (D:7)
  A water moccasin zombie (D:4)
  A water moccasin skeleton (D:7)
  4 wights
  2 bullfrog zombies
  3 hounds
  7 orc priests
  A gnoll shaman (D:7)
  Crazy Yiuf (D:3)
  3 bullfrog skeletons (D:7)
  Jessica (D:3)
  4 iguanas
  12 orc wizards
  A hound skeleton (D:3)
  2 howler monkey skeletons
  A howler monkey zombie (D:10)
  5 adders
  2 shadow imps
  2 white imps
  4 ufetubi
  An adder zombie (D:4)
  3 dart slugs
  45 orcs
  8 ball pythons
  4 endoplasms
  A giant cockroach (D:4)
  5 goblins
  7 hobgoblins
  9 kobolds
  2 quokkas (D:1)
  5 bats
  2 frilled lizards (D:1)
  2 goblin skeletons (D:4)
  A goblin zombie (D:4)
  A hobgoblin zombie (D:4)
  2 kobold zombies (D:4)
  An orc skeleton (D:4)
  A rat (D:2)
292 creatures vanquished.

Vanquished Creatures (others)
  11 fungi
  28 plants
39 creatures vanquished.

Grand Total: 331 creatures vanquished

Notes
Turn   | Place    | Note
-------+----------+-------------------------------------------
     0 | D:1      | Peloso the Minotaur Fighter began the quest for the Orb.
     0 | D:1      | Reached XP level 1. HP: 19/19 MP: 0/0
    61 | D:1      | Found a faded altar of an unknown god.
   108 | D:1      | Reached XP level 2. HP: 19/27 MP: 1/1
   983 | D:2      | Reached XP level 3. HP: 33/33 MP: 2/2
  1376 | D:3      | Noticed Jessica
  1386 | D:3      | Killed Jessica
  1387 | D:3      | Reached skill level 3 in Long Blades
  1399 | D:3      | You fall into a shaft and drop 1 floor!
  1431 | D:4      | Reached XP level 4. HP: 41/41 MP: 3/3
  1674 | D:3      | Reached skill level 5 in Armour
  1674 | D:3      | Reached XP level 5. HP: 47/47 MP: 4/4
  2110 | D:3      | Found a runed translucent door.
  2111 | D:3      | Noticed Crazy Yiuf
  2121 | D:3      | Killed Crazy Yiuf
  2122 | D:3      | Reached skill level 4 in Long Blades
  2164 | D:5      | Entered Level 5 of the Dungeon
  2164 | D:5      | Found a hide-covered altar of Uskayaw.
  2170 | D:4      | Reached skill level 5 in Fighting
  2194 | D:5      | Found a radiant altar of Vehumet.
  2383 | D:4      | Noticed a necrophage
  2398 | D:4      | Killed a necrophage
  2399 | D:4      | Reached XP level 6. HP: 54/56 MP: 5/5
  2427 | D:4      | Found a runed translucent gate.
  2427 | D:4      | Found a runed translucent gate.
  2427 | D:4      | Found a runed translucent gate.
  2427 | D:4      | Noticed spica's ghost (novice MiBe)
  2429 | D:4      | Found a basalt altar of Yredelemnul.
  2439 | D:4      | Reached skill level 5 in Long Blades
  2543 | D:4      | Found a glowing golden altar of the Shining One.
  2782 | D:5      | Found a basalt altar of Yredelemnul.
  2791 | D:5      | Reached skill level 6 in Long Blades
  2791 | D:5      | Reached XP level 7. HP: 55/61 MP: 6/6
  2809 | D:5      | Found Hosemp Lerpho's General Store.
  2982 | D:5      | Found a hide-covered altar of Uskayaw.
  3224 | D:6      | Found a shimmering altar of Xom.
  3291 | D:6      | Noticed Blork the orc
  3297 | D:6      | Killed Blork the orc
  3298 | D:6      | Reached skill level 1 in Dodging
  3365 | D:6      | Reached skill level 7 in Long Blades
  3517 | D:6      | Noticed Pikel
  3535 | D:6      | Killed Pikel
  3536 | D:6      | Reached skill level 8 in Long Blades
  3536 | D:6      | Reached XP level 8. HP: 65/71 MP: 7/7
  4124 | D:7      | Reached skill level 9 in Long Blades
  4172 | D:7      | Noticed a manticore
  4364 | D:7      | Found a blossoming altar of Fedhas.
  4413 | D:7      | Noticed a gargoyle
  4442 | D:7      | Reached skill level 10 in Long Blades
  4585 | D:7      | Reached XP level 9. HP: 49/79 MP: 8/8
  4789 | D:7      | Found an ornate altar of the Wu Jian Council.
  4800 | D:7      | Killed a gargoyle
  4801 | D:7      | Reached skill level 5 in Shields
  5014 | D:7      | Reached skill level 11 in Long Blades
  5070 | D:7      | Found a glowing silver altar of Zin.
  5119 | D:7      | Found a sacrificial altar of Ru.
  5161 | D:7      | Found a staircase to the Ecumenical Temple.
  5242 | Temple   | Entered the Ecumenical Temple
  5779 | D:8      | Reached skill level 12 in Long Blades
  5821 | D:8      | Found Koagho's Magic Scroll Boutique.
  5829 | D:8      | Bought a scroll of identify for 26 gold pieces
  5829 | D:8      | Bought a scroll of noise for 13 gold pieces
  5949 | D:8      | Found a white marble altar of Elyvilon.
  5949 | D:8      | Found an iron altar of Okawaru.
  5990 | D:8      | Became a worshipper of Warmaster Okawaru
  6083 | D:9      | Noticed a two-headed ogre
  6104 | D:9      | Killed a two-headed ogre
  6104 | D:9      | Reached * piety under Okawaru
  6105 | D:9      | Reached XP level 10. HP: 66/91 MP: 9/9
  6731 | D:9      | Reached ** piety under Okawaru
  6732 | D:9      | Reached skill level 13 in Long Blades
  6751 | D:9      | Reached skill level 10 in Armour
  6845 | D:9      | Found a staircase to the Orcish Mines.
  6905 | D:9      | Found a sparkling altar of Nemelex Xobeh.
  6995 | D:10     | Entered Level 10 of the Dungeon
  7036 | D:10     | Reached skill level 10 in Fighting
  7409 | D:10     | Found a staircase to the Lair.
  7413 | D:10     | Noticed a two-headed ogre
  7417 | D:10     | Killed a two-headed ogre
  7476 | D:10     | Reached *** piety under Okawaru
  7477 | D:10     | Reached XP level 11. HP: 91/101 MP: 10/10
  7718 | D:11     | Noticed Psyche
  7730 | D:11     | Killed Psyche
  7804 | D:11     | Noticed Urug
  7815 | D:11     | Killed Urug
  7816 | D:11     | Reached skill level 14 in Long Blades
  8239 | D:11     | Noticed Gastronok
  8239 | D:11     | Noticed a seven-headed hydra
  8301 | D:11     | Killed Gastronok
  8301 | D:11     | Reached **** piety under Okawaru
  8340 | D:11     | Killed a two-headed hydra
  8730 | D:4      | Killed spica's ghost
  8731 | D:4      | Reached skill level 1 in Axes
  8733 | D:4      | Identified the ring of Zinweero {rC+ rN+ rCorr Int+3}
  8860 | Lair:1   | Entered Level 1 of the Lair of Beasts
  9144 | Lair:1   | Reached ***** piety under Okawaru
  9183 | Lair:1   | Reached skill level 1 in Invocations
  9508 | Lair:1   | Reached XP level 12. HP: 100/112 MP: 12/12
  9983 | Lair:2   | Received a gift from Okawaru
  9989 | Lair:2   | Reached skill level 15 in Long Blades
 10460 | Lair:2   | Noticed a six-headed hydra
 10480 | Lair:2   | Killed a one-headed hydra
 10524 | Lair:2   | Noticed an eight-headed hydra
 10538 | Lair:2   | Killed a five-headed hydra
 10675 | Lair:2   | Reached skill level 1 in Stealth
 11149 | D:12     | Identified the +7 trident "Nirivvutz" {vorpal, Dex+2}
 11191 | D:12     | Noticed a four-headed hydra
 11196 | D:12     | Killed a one-headed hydra
 11293 | D:12     | Identified the +7 great sword of Gluttony {protect, rElec
                  | Dex+4} (Okawaru gifted it to you on level 12 of the
                  | Dungeon)
 11293 | D:12     | Received a gift from Okawaru
 12001 | Orc:1    | Entered Level 1 of the Orcish Mines
 12086 | Orc:1    | Paralysed by an orc sorcerer for 5 turns
 12130 | Orc:1    | Noticed an orc warlord
 12237 | D:13     | Found a gate leading to a gauntlet.
 12248 | D:13     | Noticed Sonja
 12248 | D:13     | Noticed a death knight
 12253 | Gauntlet | Entered a Gauntlet
 12253 | Gauntlet | Found a transporter.
 12266 | Gauntlet | Found a transporter.
 12268 | Gauntlet | Found a transporter.
 12268 | Gauntlet | Found a transporter.
 12283 | Gauntlet | Found a transporter.
 12297 | Gauntlet | Found a transporter.
 12305 | Gauntlet | Found a transporter.
 12320 | Gauntlet | Found a transporter.
 12342 | Gauntlet | Found a transporter.
 12351 | Gauntlet | Found a transporter.
 12372 | Gauntlet | Found a transporter.
 12380 | Gauntlet | Found a large runed translucent door.
 12381 | Gauntlet | Found a large runed translucent door.
 12382 | Gauntlet | Found a large runed translucent door.
 12382 | Gauntlet | Found a large runed translucent door.
 12383 | Gauntlet | Found a runed translucent gate.
 12384 | Gauntlet | Found a transporter.
 12384 | Gauntlet | Found a runed translucent gate.
 12385 | Gauntlet | Found a runed translucent gate.
 12386 | Gauntlet | Found a large runed translucent door.
 12386 | Gauntlet | Found a large runed translucent door.
 12387 | Gauntlet | Found a large runed translucent door.
 12388 | Gauntlet | Found a large runed translucent door.
 12396 | Gauntlet | Found a transporter.
 12397 | Gauntlet | Noticed a reaper
 12423 | Gauntlet | Found a large runed translucent door.
 12423 | Gauntlet | Found a large runed translucent door.
 12423 | Gauntlet | Found a runed translucent door.
 12423 | Gauntlet | Found a runed translucent door.
 12424 | Gauntlet | Found a large runed translucent door.
 12425 | Gauntlet | Found a large runed translucent door.
 12427 | Gauntlet | Found a transporter.
 12427 | Gauntlet | Found a transporter.
 12429 | Gauntlet | Found a transporter.
 12448 | Gauntlet | Found a large runed translucent door.
 12448 | Gauntlet | Found a large runed translucent door.
 12449 | Gauntlet | Found a large runed translucent door.
 12450 | Gauntlet | Found a large runed translucent door.
 12452 | Gauntlet | Found a transporter.
 12513 | Gauntlet | Found a transporter.
 12838 | Gauntlet | Reached XP level 13. HP: 118/120 MP: 13/13
 12985 | Gauntlet | Identified the +2 pair of boots of Bitterness {-Cast Slay+4
                  | SInv Stlth+}
 13053 | Gauntlet | Noticed a minotaur
 13066 | Gauntlet | Killed a minotaur
 13073 | Gauntlet | Got the Papyrus of Displacement and Bewitchment
 13095 | D:13     | Noticed Snorg
 13103 | D:13     | Found a gate to the Vaults.
 13122 | D:13     | HP: 6/122 [vault guard/+0 bardiche (20)]
 13123 | D:13     | Slain by Snorg

Illustrated notes

Levels and vault maps discovered:
D:1:      minmay_arrival_open_corners, layout_basic,
          shapermc_ecumenical_altar_acropolis
D:2:      layout_loops_cross
D:3:      layout_basic, uniq_jessica, uniq_crazy_yiuf_cottage
D:4:      layout_cave_pools, nicolae_tso_besieged_by_evil,
          nicolae_yredelemnul_ghost_church
D:5:      layout_rooms, kennysheep_mini_moat, lemuel_crystal_altar,
          serial_shops, shop_fountains, hangedman_feature_mirror
D:6:      layout_basic, mainiacjoe_overflow_catwalk, supply_closet_lemuel,
          uniq_blork_the_orc, uniq_pikel
D:7:      hangedman_cross_stitches, layout_rooms, nicolae_ru_path_of_blood,
          pdpol_wu_jian_five_deadly_venoms, lemuel_doored_altar,
          nicolae_overflow_crystal_walls, minmay_temple_entry_poolview,
          wad_floor_pattern_untrapped, serial_bayou_pond_d, minmay_between
D:8:      layout_rooms, gammafunk_temple_overflow_statue, serial_shops,
          nicolae_stop_n_shop_1
D:9:      layout_long_grid, overflow_temple_1_default, orc_0_dummy,
          nicolae_straight_to_the_point
D:10:     layout_loops_ring, erik_lair_orcish_takeover
D:11:     layout_loops_ring, minmay_unpleasant_kobolds, uniq_psyche, uniq_urug,
          uniq_gastronok
D:12:     layout_roguey, hangedman_decor_lopped
D:13:     layout_cave_pools, erik_vaults_2, portal_ice_cave_demonic_guard,
          gauntlet_entry_generic, uniq_sonja, uniq_snorg
Temple:   eino_wide_crystal_templ
Lair:1:   wander_river, layout_gridlike, grunt_megastairs_5
Lair:2:   kb_forest_paths, layout_gridlike
Orc:1:    gammafunk_beogh_shrine, layout_caves, serial_shops,
          nicolae_lakefront_shop

Skill      XL: |  1  2  3  4  5  6  7  8  9 10 11 12 13 |
---------------+----------------------------------------+-----
Fighting       | 4 5 6 7 9 10 11 13 | 13.3
Armour         | 4 5 7 9 10 12 14 | 14.5
Shields        | 4 5 7 9 |  9.1
Long Blades    | 3 4 6 8 10 12 13 14 15 | 15.4
Dodging        | 1 2 |  2.3
Axes           | 1 4 |  4.5
Invocations    | 1 2 |  2.0
Stealth        | 1 |  1.4

Action                   |  1- 3 |  4- 6 |  7- 9 | 10-12 | 13-15 || total
-------------------------+-------+-------+-------+-------+-------++-------
Melee: Long sword        |    76 |   122 |   286 |   728 |    19 ||  1231
       Headbutt          |    12 |    21 |    69 |   168 |     7 ||   277
       War axe           |       |       |       |    25 |       ||    25
Invok: Heroism           |       |       |       |    11 |     3 ||    14
Evoke: Wand              |       |       |       |     1 |       ||     1
  Use: Scroll            |       |       |    10 |     7 |     3 ||    20
       Potion            |       |       |     2 |     2 |       ||     4
Armor: Scale mail        |    18 |       |       |       |       ||    18
       Plate armour      |    42 |    92 |   149 |   410 |       ||   693
       Shadow dragon sca |       |       |       |    36 |    28 ||    64
Dodge: Dodged            |    53 |    33 |    67 |   220 |    18 ||   391
Block: Buckler           |    23 |    23 |    39 |   171 |    13 ||   269
